Map: Traitor's Exile

Players

Archie

  • Race: Terran Terran
  • Spawn Location: 12:00

SallySnipes

  • Race: Zerg Zerg
  • League: Diamond
  • Spawn Location: 9:00

OpuS

  • Race: Protoss Protoss
  • League: Diamond
  • Spawn Location: 6:00

Sketchaphone

  • Race: Zerg Zerg
  • League: Platinum
  • Spawn Location: 5:00

VOD

Have the link to the VOD?

Description

Time

  • Played on: March 3, 2019, 7:44 p.m.
  • Length: 11:41
Show
View Real Time Build Order
Export as new Build Order

Archie Terran 

Build Orders:  

Get SALT Encoding   

  12  0:01  SCV  
  13  0:13  SCV  
  14  0:21  Supply Depot  
  14  0:25  SCV  
  15  0:43  SCV  
  15  0:44  Barracks  
  16  0:55  SCV  
  17  1:07  SCV  
  18  1:20  SCV  
  18  1:25  Command Center  
  19  1:38  Supply Depot  
  19  1:40  Marine  
  20  1:47  Orbital Command  
  20  2:07  Supply Depot  
  20  2:10  Supply Depot  
  20  2:14  SCV  
  21  2:23  Marine  
  22  2:35  Barracks  
  22  2:38  Refinery  
  22  2:39  Refinery  
  22  2:55  Barracks x2  
  22  2:56  Engineering Bay  
  22  2:57  Orbital Command  
  22  3:00  SCV  
  23  3:23  Barracks Tech Lab  
  23  3:30  Orbital Command  
  23  3:34  Barracks Tech Lab  
  23  3:39  Engineering Bay  
  23  3:42  SCV  
  23  3:43  Factory  
  24  3:50  Missile Turret  
  24  3:55  Marauder  
  26  3:56  Refinery  
  26  4:00  Stimpack  
  26  4:01  Refinery  
  26  4:02  Marine  
  27  4:04  Missile Turret  
  27  4:05  SCV  
  27  4:08  SCV  
  29  4:17  Marauder, SCV  
  29  4:20  SCV  
  33  4:25  Marine x2  
  33  4:26  Marine  
  36  4:45  Marine x2  
  37  4:46  Marauder x2  
  34  5:00  SCV  
  34  5:01  SCV  
  34  5:03  Marine x2  
  34  5:06  Marine  
  39  5:07  Marine  
  40  5:21  Marine x2  
  41  5:25  Marauder x2  
  46  5:29  Starport, Terran Infantry Weapons Level 1  
  46  5:38  Marine  
  46  5:39  Marine  
  48  5:46  Marauder, Marine  
  51  5:56  Marine  
  51  5:57  Marine  
  51  6:02  SCV x2  
  54  6:05  Marauder  
  54  6:07  Medivac, Marine  
  54  6:10  Factory Reactor  
  59  6:14  Marine, SCV x2  
  62  6:21  Marine  
  62  6:25  Marauder  
  62  6:31  Marine  
  62  6:32  Marine  
  62  6:39  Marine  
  57  6:47  Marauder  
  57  6:49  Marine  
  57  6:50  Marine  
  61  6:57  Marine  
  60  7:05  Armory, Factory Reactor  
  60  7:07  Marine  
  60  7:08  Marine  
  62  7:09  Starport, Supply Depot  
  62  7:10  Supply Depot  
  62  7:14  Marauder, Marine, Supply Depot, SCV x2  
  67  7:16  Supply Depot  
  67  7:24  Medivac  
  67  7:26  SCV x2  
  70  7:38  SCV x2  
  72  7:50  SCV  
  71  7:57  Medivac  
  71  7:58  Medivac, Marauder, Marine x3  
  74  8:16  Marine x2  
  74  8:17  Marauder  
  74  8:18  Missile Turret  
  74  8:19  Marine  
  79  8:27  Medivac  
  79  8:34  Marine x2  
  82  8:38  Marauder x2  
  84  8:51  Marine x2  
  81  8:59  Marauder, Marine  
  82  9:09  Marine x2  
  84  9:17  Marauder  
  84  9:20  Marauder  
  88  9:27  Marine x2  
  88  9:29  Barracks  
  88  9:30  Barracks, SCV x2  
  92  9:38  Marine  
  92  9:41  Marine  
  92  9:45  Marine x2  
  96  9:47  Medivac x2  
  100  9:56  Marine  
  103  10:00  Marauder  
  103  10:03  Marine x2  
  104  10:14  Marauder  
  104  10:20  Marine x2  
  108  10:23  Marine  
  109  10:34  Medivac x2, Supply Depot  
  115  10:35  Supply Depot  
  115  10:36  Marauder, Barracks Tech Lab x2  
  115  10:38  Barracks Reactor, Marine  
  116  10:55  Command Center  
  116  10:56  SCV  
  118  10:57  SCV  
  118  11:04  Medivac x2  
  118  11:08  SCV  
  122  11:14  Marine x4  
Show
View Real Time Build Order
Export as new Build Order

SallySnipes Zerg 

Build Orders: 1 Base Baneling Bust, Pool First, Zergling Baneling 

Get SALT Encoding   

  12  0:01  Drone  
  13  0:09  Drone  
  14  0:27  Spawning Pool  
  13  0:30  Drone  
  13  0:34  Extractor  
  13  0:37  Drone  
  14  0:48  Overlord  
  14  1:01  Drone, Extractor  
  15  1:06  Drone x2  
  17  1:13  Drone  
  18  1:19  Queen  
  20  1:25  Zergling x2  
  21  1:37  Metabolic Boost  
  21  1:39  Zergling x2  
  22  1:45  Overlord  
  22  2:03  Baneling Nest, Zergling x2  
  22  2:12  Zergling x2  
  23  2:18  Zergling x2  
  24  2:29  Zergling x2  
  25  2:31  Hatchery  
  25  2:34  Zergling x2  
  25  2:39  Drone  
  26  2:45  Overlord  
  26  2:49  Drone  
  27  3:07  Baneling x2  
  27  3:26  Drone x2  
  27  3:27  Drone x2  
  25  3:38  Zergling x2  
  25  3:45  Zergling x2  
  25  3:47  Zergling x2  
  25  3:48  Queen  
  27  3:51  Lair  
  27  3:55  Baneling  
  29  3:56  Zergling x4  
  29  3:58  Zergling x4  
  29  3:59  Baneling x2  
  33  4:05  Drone x2  
  35  4:11  Drone  
  35  4:13  Spore Crawler  
  35  4:17  Drone  
  36  4:21  Zergling x2  
  38  4:24  Baneling x5  
  38  4:25  Baneling  
  35  4:50  Zergling x12  
  36  4:54  Zergling x2  
  36  4:55  Zergling x4  
  39  5:03  Zergling x4  
  39  5:20  Drone x2  
  32  5:45  Zergling x4  
  32  5:46  Zergling x6  
  32  5:47  Baneling  
  32  5:48  Baneling x4  
  36  6:02  Zergling x4  
  36  6:03  Zergling x2  
  38  6:07  Extractor  
  26  6:41  Zergling x10  
  26  6:42  Zergling x14  
  38  6:51  Drone x2  
  40  6:54  Spire  
  40  6:56  Drone  
  40  6:58  Hatchery  
  39  7:02  Drone  
  40  7:10  Drone  
  40  7:12  Drone  
  40  7:14  Overlord x3  
  42  7:16  Drone x2  
  42  7:21  Extractor  
  43  7:23  Extractor  
  38  7:33  Drone  
  38  7:34  Drone x3  
  40  7:50  Drone x6  
  42  7:52  Zergling x2  
  42  7:55  Drone  
  42  7:56  Drone  
  43  8:04  Drone  
  40  8:22  Overseer, Mutalisk x4  
  40  8:24  Zergling x2  
  49  8:36  Mutalisk  
  49  8:38  Zergling x2  
  51  8:44  Zergling x4  
  50  8:58  Mutalisk x2  
  54  9:09  Queen  
  55  9:11  Zergling x2  
  55  9:12  Zergling x6  
  55  9:13  Drone  
  60  9:22  Drone x2  
  60  9:23  Drone x2  
  63  9:32  Overlord  
  63  9:33  Drone  
  63  9:37  Hatchery  
  51  9:47  Zergling x8  
  53  9:58  Mutalisk  
  53  10:10  Drone  
  54  10:20  Zergling x4  
  54  10:21  Drone  
  57  10:49  Drone x5  
  62  10:50  Extractor  
  62  10:51  Zergling x2  
  62  10:52  Extractor  
  61  10:57  Queen  
  63  11:14  Zergling x8  
  63  11:15  Zergling x2  
  68  11:25  Spire  
Show
View Real Time Build Order
Export as new Build Order

OpuS Protoss 

Build Orders:  

Get SALT Encoding   

  12  0:01  Probe  
  13  0:13  Probe  
  14  0:24  Pylon  
  14  0:25  Probe  
  15  0:42  Probe  
  16  0:46  Gateway  
  16  0:54  Probe  
  16  0:56  Assimilator  
  17  0:58  Assimilator  
  17  1:06  Probe  
  18  1:13  Gateway  
  18  1:25  Pylon  
  18  1:33  Zealot  
  18  1:39  Forge  
  20  1:49  Probe  
  21  1:59  Cybernetics Core  
  21  2:01  Probe  
  21  2:09  Probe  
  22  2:17  Photon Cannon  
  22  2:22  Probe  
  22  2:28  Stalker x2  
  23  2:35  Warp Gate  
  27  2:49  Shield Battery  
  27  2:53  Probe  
  28  3:02  Adept  
  30  3:13  Pylon  
  30  3:28  Twilight Council  
  30  3:31  Pylon, Adept  
  30  3:32  Adept  
  34  3:53  Protoss Ground Weapons Level 1  
  34  3:54  Probe  
  35  4:05  Charge  
  35  4:07  Gateway  
  35  4:36  Nexus  
  27  4:56  Zealot x2  
  31  5:04  Pylon  
  31  5:05  Dark Shrine  
  31  5:17  Adept x3  
  31  5:45  Adept  
  31  5:46  Adept x2  
  36  6:06  Zealot x3  
  42  6:12  Gateway  
  42  6:23  Probe x2  
  38  6:36  Adept x3  
  36  6:49  Probe x2  
  38  7:02  Probe x2  
  38  7:04  Pylon  
  38  7:07  Templar Archives  
  40  7:17  Adept  
  40  7:18  Adept  
  38  7:30  Shield Battery, Dark Templar  
  38  7:35  Dark Templar  
  39  7:42  Dark Templar  
  41  7:51  Dark Templar  
  35  8:03  Dark Templar  
  37  8:12  Zealot  
  37  8:33  Dark Templar  
  12  9:36  Nexus  
  12  9:50  Pylon  
  11  10:30  Gateway  
Show
View Real Time Build Order
Export as new Build Order

Sketchaphone Zerg 

Build Orders: Hatch First 

Get SALT Encoding   

  12  0:01  Drone  
  13  0:12  Overlord  
  13  0:18  Drone  
  14  0:21  Extractor  
  14  0:24  Drone  
  15  0:31  Drone  
  15  0:34  Drone  
  17  0:57  Hatchery  
  17  1:03  Drone  
  17  1:04  Drone  
  17  1:06  Extractor  
  17  1:22  Spawning Pool  
  17  1:25  Drone  
  17  1:27  Drone  
  18  1:38  Drone  
  19  1:49  Overlord, Drone  
  20  2:09  Metabolic Boost  
  20  2:12  Spine Crawler, Zergling x2  
  20  2:19  Zergling x2  
  20  2:20  Drone  
  22  2:27  Spine Crawler  
  22  2:28  Overlord  
  21  2:41  Queen  
  23  2:45  Queen  
  25  3:03  Baneling Nest, Zergling x2  
  25  3:04  Zergling x2  
  26  3:08  Zergling x2  
  27  3:17  Zergling x4  
  27  3:21  Zergling x6  
  26  3:35  Zergling x4  
  28  3:41  Drone x2  
  30  3:48  Drone  
  30  3:49  Drone  
  32  4:01  Baneling x2  
  32  4:07  Baneling x2  
  32  4:08  Overlord  
  32  4:10  Drone x2  
  32  4:12  Drone  
  35  4:22  Drone  
  36  4:25  Overlord  
  36  4:37  Overlord  
  35  4:50  Roach Warren  
  30  4:53  Drone  
  30  5:08  Baneling x3  
  30  5:14  Drone x3  
  32  5:17  Zergling x6  
  36  5:27  Hatchery  
  35  5:35  Zergling x6  
  35  5:37  Roach x2  
  39  5:46  Roach x2  
  41  5:51  Roach, Zergling x2  
  44  5:59  Roach  
  46  6:10  Drone x2  
  46  6:30  Roach  
  44  6:34  Roach x2  
  44  6:35  Roach, Zergling x6  
  44  6:37  Zergling x10  
  48  6:49  Roach  
  48  6:51  Drone  
  48  6:54  Drone x2, Extractor  
  52  7:11  Drone x2  
  54  7:16  Evolution Chamber, Drone x2  
  55  7:23  Lair  
  55  7:29  Roach x2  
  54  7:35  Roach  
  49  7:38  Overlord  
  49  7:40  Roach  
  45  8:07  Zerg Ground Armor Level 1  
  45  8:08  Zergling x14  
  52  8:14  Drone x3  
  52  8:15  Drone  
  56  8:23  Roach x2  
  60  8:28  Overlord  
  59  8:48  Zergling x16  
  58  8:56  Glial Reconstitution  
  58  8:59  Zergling x4  
  58  9:00  Overlord  
  60  9:13  Hydralisk Den  
  60  9:16  Extractor  
  57  9:18  Roach x2  
  61  9:28  Roach x2  
  61  9:29  Roach x4  
  71  9:50  Burrow  
  71  9:58  Roach x2  
  66  10:08  Drone x3  
  66  10:11  Extractor  
  59  10:18  Roach x3  
  59  10:20  Overseer  
  65  10:23  Zergling x4  
  67  10:30  Hydralisk  
  67  10:31  Hydralisk  
  71  10:40  Hydralisk x2  
  75  10:43  Overlord x2  
  75  10:44  Overlord  
  75  10:50  Spore Crawler  
  75  10:54  Overlord x2  
  74  11:04  Hydralisk  
  74  11:05  Hydralisk  
  70  11:14  Ravager  
Tags
 
Add a new tag
Caveats
  • Supply blocks, unpowered buildings, or Contaminate may cause inaccurate times.
  • Supply counts are checked every 10 seconds.